TOP OF THE 1ST |
Syracuse Chiefs batting - Pitching for Gwinnett Braves : LHP Eduardo Baez
|
Pitching: LHP Eduardo Baez
|
|
Batting: RHB Dusty Ballard
|
0-0: Ball 1-0: Foul Ball, location: 2F 1-1: Foul Ball, location: 2F 1-2: Ball 2-2: Ball 3-2: SINGLE (Flyball, 7LS, EV 90.0 MPH)
|
Batting: RHB Hisayuki Akiyama
|
0-0: Ball Dusty Ballard steals 2nd base 1-0: Ball 2-0: Ball 3-0: Base on Balls
|
Batting: LHB Alexis Cantu
|
0-0: Ball 1-0: Foul Ball, location: 2F 1-1: SINGLE (Flyball, 89S, EV 85.0 MPH) Dusty Ballard to third Hisayuki Akiyama to second
|
Batting: RHB Stephen Charbonneau
|
0-0: Called Strike 0-1: Grounds into fielders choice 1-2 (Groundball, 13S, EV 68.1 MPH) Hisayuki Akiyama to third Alexis Cantu to second
|
Batting: LHB Jae-ik Soung
|
0-0: Foul Ball, location: 2F 0-1: Foul Ball, location: 2F 0-2: Ball 1-2: Ball Wild Pitch! Hisayuki Akiyama scores Alexis Cantu to third Stephen Charbonneau to second 2-2: Ball 3-2: Foul Ball, location: 2F 3-2: Ground out 5-3 (Groundball, 56, EV 91.9 MPH) Alexis Cantu scores
|
Batting: RHB Pat Barton
|
0-0: Ball 1-0: Foul Ball, location: 2F 1-1: Called Strike 1-2: DOUBLE (Line Drive, 9LS, EV 111.2 MPH) Stephen Charbonneau scores
|
Batting: LHB Tim Olsen
|
0-0: Ball 1-0: DOUBLE (Line Drive, 7LM, EV 104.4 MPH) Pat Barton scores
|
Batting: LHB Evan Oliveri
|
0-0: Ball 1-0: Swinging Strike 1-1: Swinging Strike 1-2: Ball 2-2: Ball 3-2: Strikes out looking
|
Top of the 1st over - 4 runs, 4 hits, 0 errors, 1 left on base; Syracuse 4 - Gwinnett 0 |
BOTTOM OF THE 1ST |
Gwinnett Braves batting - Pitching for Syracuse Chiefs : RHP Dan Landry
|
Pitching: RHP Dan Landry
|
|
Batting: LHB Mark Buchholz
|
0-0: Ball 1-0: Foul Ball, location: 2F 1-1: Ball 2-1: Ball 3-1: Base on Balls
|
Batting: RHB Alex Munoz
|
0-0: Ball 1-0: Called Strike 1-1: Ball 2-1: Ball 3-1: Grounds into double play, 5-4-3 (Groundball, 56S, EV 91.2 MPH)
|
Batting: SHB Bob Morales
|
0-0: Ball 1-0: Fly out, F9 (Line Drive, 9S, EV 94.4 MPH)
|
Bottom of the 1st over - 0 runs, 0 hits, 0 errors, 0 left on base; Syracuse 4 - Gwinnett 0 |
TOP OF THE 2ND |
Syracuse Chiefs batting - Pitching for Gwinnett Braves : LHP Eduardo Baez
|
Batting: RHB Dave Brabo
|
0-0: Called Strike 0-1: Ball 1-1: Foul Ball, location: 2F 1-2: Fly out, F5 (Popup, 5F, EV 62.5 MPH)
|
Batting: RHB Dusty Ballard
|
0-0: Ball 1-0: SINGLE (Groundball, 4M, EV 103.1 MPH) (infield hit)
|
Batting: RHB Hisayuki Akiyama
|
0-0: Called Strike Dusty Ballard is caught stealing 2nd base 2-4 0-1: Ball 1-1: Ground out 4-3 (Groundball, 4, EV 91.9 MPH)
|
Top of the 2nd over - 0 runs, 1 hit, 0 errors, 0 left on base; Syracuse 4 - Gwinnett 0 |
BOTTOM OF THE 2ND |
Gwinnett Braves batting - Pitching for Syracuse Chiefs : RHP Dan Landry
|
Batting: RHB Muneer Maudad
|
0-0: Foul Ball, location: 2F 0-1: Ball 1-1: Fly out, F8 (Flyball, 89D, EV 93.1 MPH)
|
Batting: SHB Brian Bagley
|
0-0: Ball 1-0: Called Strike 1-1: Ball 2-1: Ground out 3-1 (Groundball, 34S, EV 76.2 MPH)
|
Batting: LHB Chad Persaud
|
0-0: Called Strike 0-1: Foul Ball, location: 2F 0-2: Ground out 3-1 (Groundball, 34, EV 103.8 MPH)
|
Bottom of the 2nd over - 0 runs, 0 hits, 0 errors, 0 left on base; Syracuse 4 - Gwinnett 0 |
TOP OF THE 3RD |
Syracuse Chiefs batting - Pitching for Gwinnett Braves : LHP Eduardo Baez
|
Batting: LHB Alexis Cantu
|
0-0: Called Strike 0-1: Foul Ball, location: 2F 0-2: Strikes out swinging
|
Batting: RHB Stephen Charbonneau
|
0-0: Ball 1-0: Ball 2-0: Ball 3-0: Called Strike 3-1: Ground out 6-3 (Groundball, 56, EV 100.0 MPH)
|
Batting: LHB Jae-ik Soung
|
0-0: Ball 1-0: Called Strike 1-1: TRIPLE (Flyball, 8RXD, EV 107.5 MPH)
|
Batting: RHB Pat Barton
|
0-0: Called Strike 0-1: Ball 1-1: Ball 2-1: Ball 3-1: Called Strike 3-2: Foul Ball, location: 2F 3-2: SINGLE (Line Drive, 6M, EV 98.1 MPH) Jae-ik Soung scores
|
Pitching: LHP Justin Sullins
|
|
Batting: LHB Tim Olsen
|
0-0: Ball Pat Barton steals 2nd base 1-0: Foul Ball, location: 2F 1-1: Swinging Strike 1-2: Ground out U3 (Groundball, 3, EV 78.8 MPH)
|
Top of the 3rd over - 1 run, 2 hits, 0 errors, 1 left on base; Syracuse 5 - Gwinnett 0 |
BOTTOM OF THE 3RD |
Gwinnett Braves batting - Pitching for Syracuse Chiefs : RHP Dan Landry
|
Batting: SHB Troy Kenyon
|
0-0: Ground out 6-3 (Groundball, 56, EV 90.0 MPH)
|
Batting: RHB Nate Taylor
|
0-0: Ground out 6-3 (Groundball, 6, EV 83.1 MPH)
|
Batting: RHB Riley Nasiir
|
0-0: Ball 1-0: Foul Ball, location: 2F 1-1: Fly out, F9 (Flyball, 89M, EV 74.4 MPH)
|
Bottom of the 3rd over - 0 runs, 0 hits, 0 errors, 0 left on base; Syracuse 5 - Gwinnett 0 |
TOP OF THE 4TH |
Syracuse Chiefs batting - Pitching for Gwinnett Braves : LHP Justin Sullins
|
Batting: LHB Evan Oliveri
|
0-0: Foul Ball, location: 2F 0-1: Foul Ball, location: 2F 0-2: Ball 1-2: Ground out U3 (Groundball, 3L, EV 108.8 MPH)
|
Batting: RHB Dave Brabo
|
0-0: Ground out 4-3 (Groundball, 4, EV 103.1 MPH)
|
Batting: RHB Dusty Ballard
|
0-0: Called Strike 0-1: Ground out U3 (Groundball, 34S, EV 80.0 MPH)
|
Top of the 4th over - 0 runs, 0 hits, 0 errors, 0 left on base; Syracuse 5 - Gwinnett 0 |
BOTTOM OF THE 4TH |
Gwinnett Braves batting - Pitching for Syracuse Chiefs : RHP Dan Landry
|
Batting: LHB Mark Buchholz
|
0-0: Ball 1-0: Called Strike 1-1: Called Strike 1-2: Ball 2-2: Ball 3-2: Foul Ball, location: 2F 3-2: Ground out 1-3 (Groundball, 34S, EV 69.4 MPH)
|
Batting: RHB Alex Munoz
|
0-0: Ball 1-0: TRIPLE (Flyball, 89XD, EV 102.5 MPH)
|
Batting: SHB Bob Morales
|
0-0: Ball 1-0: Foul Ball, location: 2F 1-1: Called Strike 1-2: Fly out, F8 (Flyball, 8LS, EV 78.8 MPH)
|
Batting: RHB Muneer Maudad
|
0-0: Foul Ball, location: 2F 0-1: Swinging Strike 0-2: Ball 1-2: Ball 2-2: Ball 3-2: Foul Ball, location: 2F 3-2: Foul Ball, location: 2F 3-2: Base on Balls
|
Batting: SHB Brian Bagley
|
0-0: Called Strike 0-1: Ball 1-1: Swinging Strike 1-2: Foul Ball, location: 2F 1-2: Strikes out swinging
|
Bottom of the 4th over - 0 runs, 1 hit, 0 errors, 2 left on base; Syracuse 5 - Gwinnett 0 |
TOP OF THE 5TH |
Syracuse Chiefs batting - Pitching for Gwinnett Braves : LHP Justin Sullins
|
Batting: RHB Hisayuki Akiyama
|
0-0: Ball 1-0: Swinging Strike 1-1: Ball 2-1: Ball 3-1: Base on Balls
|
Batting: LHB Alexis Cantu
|
0-0: Ball 1-0: Called Strike 1-1: Called Strike 1-2: Foul Ball, location: 2F 1-2: Ball 2-2: Foul Ball, location: 2F 2-2: Strikes out swinging
|
Batting: RHB Stephen Charbonneau
|
0-0: Called Strike Hisayuki Akiyama steals 2nd base 0-1: Ball 1-1: Ball 2-1: Foul Ball, location: 2F 2-2: SINGLE (Line Drive, 8RS, EV 103.8 MPH) Hisayuki Akiyama to third
|
Batting: LHB Jae-ik Soung
|
0-0: Ball 1-0: Ball 2-0: Ball 3-0: Called Strike 3-1: Base on Balls Stephen Charbonneau to second
|
Batting: RHB Pat Barton
|
0-0: Ball 1-0: Ball 2-0: Ball 3-0: Called Strike 3-1: Foul Ball, location: 2F 3-2: Grounds into fielders choice 1-2 (Groundball, 13S, EV 73.1 MPH) Stephen Charbonneau to third Jae-ik Soung to second
|
Batting: LHB Tim Olsen
|
0-0: Ball 1-0: Foul Ball, location: 2F 1-1: Foul Ball, location: 2F 1-2: Foul Ball, location: 2F 1-2: Ball 2-2: Foul Ball, location: 2F 2-2: Ball 3-2: Base on Balls Stephen Charbonneau scores Jae-ik Soung to third Pat Barton to second
|
Batting: LHB Evan Oliveri
|
0-0: Ball 1-0: Called Strike 1-1: Ground out 1-3 (Groundball, 13S, EV 75.0 MPH)
|
Top of the 5th over - 1 run, 1 hit, 0 errors, 3 left on base; Syracuse 6 - Gwinnett 0 |
BOTTOM OF THE 5TH |
Gwinnett Braves batting - Pitching for Syracuse Chiefs : RHP Dan Landry
|
Batting: LHB Chad Persaud
|
0-0: Swinging Strike 0-1: Hit by Pitch
|
Batting: SHB Troy Kenyon
|
0-0: Called Strike Chad Persaud is caught stealing 2nd base 2-6 0-1: Ground out 4-3 (Groundball, 4, EV 102.5 MPH)
|
Batting: RHB Nate Taylor
|
0-0: Ball 1-0: Ground out 6-3 (Groundball, 6M, EV 87.5 MPH)
|
Bottom of the 5th over - 0 runs, 0 hits, 0 errors, 0 left on base; Syracuse 6 - Gwinnett 0 |
TOP OF THE 6TH |
Syracuse Chiefs batting - Pitching for Gwinnett Braves : LHP Justin Sullins
|
Batting: RHB Dave Brabo
|
0-0: Called Strike 0-1: Swinging Strike 0-2: Strikes out swinging, 2-3 out at first.
|
Batting: RHB Dusty Ballard
|
0-0: Ball 1-0: Ball 2-0: Foul Ball, location: 2F 2-1: Ball 3-1: Base on Balls
|
Pitching: RHP Steve Dripps
|
|
Batting: RHB Hisayuki Akiyama
|
0-0: Ball Dusty Ballard steals 2nd base (no throw) 1-0: Called Strike 1-1: Swinging Strike 1-2: Strikes out swinging
|
Batting: LHB Alexis Cantu
|
0-0: Ball 1-0: Ball 2-0: Ball 3-0: Called Strike 3-1: Base on Balls
|
Batting: RHB Stephen Charbonneau
|
0-0: SINGLE (Line Drive, 9S, EV 103.1 MPH) Dusty Ballard to third Alexis Cantu to second Runner from 3rd tries for Home, SAFE, throw by RF to home
|
Batting: LHB Jae-ik Soung
|
0-0: Ball Wild Pitch! Alexis Cantu to third Stephen Charbonneau to second 1-0: Swinging Strike 1-1: Swinging Strike 1-2: Ball 2-2: Ball 3-2: Ground out 1-3 (Groundball, 13S, EV 64.4 MPH)
|
Top of the 6th over - 1 run, 1 hit, 0 errors, 2 left on base; Syracuse 7 - Gwinnett 0 |
BOTTOM OF THE 6TH |
Gwinnett Braves batting - Pitching for Syracuse Chiefs : RHP Dan Landry
|
Batting: RHB Riley Nasiir
|
0-0: Ball 1-0: Ball 2-0: Ball 3-0: Ground out 6-3 (Groundball, 6, EV 77.5 MPH)
|
Batting: LHB Mark Buchholz
|
0-0: Ground out 4-3 (Groundball, 4, EV 86.9 MPH)
|
Batting: RHB Alex Munoz
|
0-0: SINGLE (Groundball, P, EV 88.8 MPH) (infield hit)
|
Batting: SHB Bob Morales
|
0-0: Ball 1-0: Ball 2-0: Foul Ball, location: 2F 2-1: Ball 3-1: SINGLE (Groundball, 34S, EV 68.8 MPH) (infield hit) Alex Munoz to second
|
Batting: RHB Muneer Maudad
|
0-0: Swinging Strike 0-1: Foul Ball, location: 2F 0-2: Ball 1-2: Foul Ball, location: 2F 1-2: Ground out 4-3 (Groundball, 4MS, EV 73.8 MPH)
|
Bottom of the 6th over - 0 runs, 2 hits, 0 errors, 2 left on base; Syracuse 7 - Gwinnett 0 |
TOP OF THE 7TH |
Syracuse Chiefs batting - Pitching for Gwinnett Braves : RHP Steve Dripps
|
Batting: RHB Pat Barton
|
0-0: Called Strike 0-1: Foul Ball, location: 2F 0-2: Foul Ball, location: 2F 0-2: SINGLE (Groundball, 56D, EV 100.6 MPH)
|
Batting: LHB Tim Olsen
|
0-0: SINGLE (Groundball, 34D, EV 103.8 MPH) Pat Barton to second Runner from 2nd tries for 3rd, SAFE, throw by RF made to third
|
Batting: LHB Evan Oliveri
|
0-0: Called Strike Tim Olsen is caught stealing 2nd base 2-6 0-1: Foul Ball, location: 2F 0-2: Ball 1-2: Foul Ball, location: 2F 1-2: Strikes out swinging
|
Batting: RHB Dave Brabo
|
0-0: Foul Ball, location: 2F 0-1: Ball 1-1: Ball 2-1: Foul Ball, location: 2F 2-2: Foul Ball, location: 2F 2-2: Fly out, F8 (Flyball, 8LD, EV 91.2 MPH)
|
Top of the 7th over - 0 runs, 2 hits, 0 errors, 1 left on base; Syracuse 7 - Gwinnett 0 |
BOTTOM OF THE 7TH |
Gwinnett Braves batting - Pitching for Syracuse Chiefs : RHP Dan Landry
|
Batting: SHB Brian Bagley
|
0-0: Called Strike 0-1: Ball 1-1: Called Strike 1-2: Ball 2-2: Ball 3-2: Foul Ball, location: 2F 3-2: Foul Ball, location: 2F 3-2: Base on Balls
|
Batting: LHB Chad Persaud
|
0-0: Ball 1-0: Fly out, F6 (Line Drive, 6, EV 63.1 MPH)
|
Batting: SHB Troy Kenyon
|
0-0: Fly out, F6 (Popup, 6MS, EV 83.1 MPH)
|
Batting: RHB Nate Taylor
|
0-0: Ball 1-0: SINGLE (Groundball, 25, EV 74.4 MPH) (infield hit) Brian Bagley to second
|
Batting: RHB Riley Nasiir
|
0-0: Foul Ball, location: 2F 0-1: Foul Ball, location: 2F 0-2: Ball 1-2: Ground out U3 (Groundball, 34, EV 91.2 MPH)
|
Bottom of the 7th over - 0 runs, 1 hit, 0 errors, 2 left on base; Syracuse 7 - Gwinnett 0 |
TOP OF THE 8TH |
Syracuse Chiefs batting - Pitching for Gwinnett Braves : RHP Steve Dripps
|
Pinch Hitting: RHB Willie de los Santos
|
0-0: Foul Ball, location: 2F 0-1: Fly out, F8 (Flyball, 89S, EV 71.9 MPH)
|
Batting: RHB Hisayuki Akiyama
|
0-0: Called Strike 0-1: Ball 1-1: Called Strike 1-2: Ball 2-2: Ball 3-2: Fly out, F8 (Flyball, 8LM, EV 80.6 MPH)
|
Pinch Hitting: LHB Doug Anderson
|
0-0: Ball 1-0: Called Strike 1-1: SINGLE (Groundball, 34D, EV 95.6 MPH)
|
Batting: RHB Stephen Charbonneau
|
0-0: Called Strike 0-1: Ball 1-1: SINGLE (Groundball, 15S, EV 63.8 MPH) (infield hit) Doug Anderson to second
|
Pitching: LHP Andy Gaiser
|
|
Batting: LHB Jae-ik Soung
|
0-0: Called Strike 0-1: Swinging Strike 0-2: Strikes out looking
|
Top of the 8th over - 0 runs, 2 hits, 0 errors, 2 left on base; Syracuse 7 - Gwinnett 0 |
BOTTOM OF THE 8TH |
Gwinnett Braves batting - Pitching for Syracuse Chiefs : RHP Dan Landry
|
Now at 3B: Willie de los Santos
|
|
Now in RF: Doug Anderson
|
|
Batting: LHB Mark Buchholz
|
0-0: Called Strike 0-1: Ball 1-1: Ground out 6-3 (Groundball, 6, EV 79.4 MPH)
|
Batting: RHB Alex Munoz
|
0-0: Called Strike 0-1: Called Strike 0-2: Strikes out swinging
|
Pinch Hitting: RHB Jeremy Giesler
|
0-0: Foul Ball, location: 2F 0-1: Fly out, F8 (Flyball, 8RD, EV 88.8 MPH)
|
Bottom of the 8th over - 0 runs, 0 hits, 0 errors, 0 left on base; Syracuse 7 - Gwinnett 0 |
TOP OF THE 9TH |
Syracuse Chiefs batting - Pitching for Gwinnett Braves : LHP Andy Gaiser
|
Now in CF: Jeremy Giesler
|
|
Batting: RHB Pat Barton
|
0-0: Swinging Strike 0-1: Ball 1-1: Fly out, F7 (Line Drive, 7, EV 95.0 MPH)
|
Batting: LHB Tim Olsen
|
0-0: Fly out, F9 (Line Drive, 9, EV 98.8 MPH)
|
Batting: LHB Evan Oliveri
|
0-0: Ground out 4-3 (Groundball, 34, EV 104.4 MPH)
|
Top of the 9th over - 0 runs, 0 hits, 0 errors, 0 left on base; Syracuse 7 - Gwinnett 0 |
BOTTOM OF THE 9TH |
Gwinnett Braves batting - Pitching for Syracuse Chiefs : RHP Dan Landry
|
Batting: RHB Muneer Maudad
|
0-0: Ball 1-0: Ball 2-0: SOLO HOME RUN (Flyball, 9LD, EV 95.0 MPH), Distance : 342 ft
|
Batting: SHB Brian Bagley
|
0-0: SINGLE (Groundball, 4MD, EV 105.6 MPH)
|
Pitching: RHP Aaron McKinney
|
|
Batting: LHB Chad Persaud
|
0-0: Called Strike 0-1: SINGLE (Line Drive, 9S, EV 111.2 MPH) Brian Bagley to second
|
Batting: SHB Troy Kenyon
|
0-0: Ball Wild Pitch! Brian Bagley to third Chad Persaud to second 1-0: Called Strike 1-1: Ball 2-1: Ball 3-1: Base on Balls
|
Batting: RHB Nate Taylor
|
0-0: Ball 1-0: Fly out, F8 (Flyball, 89D, EV 103.8 MPH) Runner from 3rd tags up, SCORES, no throw by CF Chad Persaud to third
|
Batting: RHB Riley Nasiir
|
0-0: Foul Ball, location: 2F 0-1: Ball 1-1: Ball 2-1: Fly out, F7 (Flyball, 7LM, EV 89.4 MPH)
|
Batting: LHB Mark Buchholz
|
0-0: Ball 1-0: Called Strike 1-1: Ball 2-1: Foul Ball, location: 2F 2-2: Strikes out swinging
|
Bottom of the 9th over - 2 runs, 3 hits, 0 errors, 2 left on base; Syracuse 7 - Gwinnett 2 |
|